Map: Pillars of Gold LE

Players

LiquidClem (Clem)

  • Race: Terran Terran
  • Spawn Location: 7:00

Zest - Winner!

  • Race: Protoss Protoss
  • Spawn Location: 1:00

VOD

Have the link to the VOD?

Description

Time

  • Played on: Jan. 12, 2021, 10:14 a.m.
  • Length: 9:59
Show
View Real Time Build Order
Export as new Build Order

LiquidClem Terran 

Build Orders: Reaper Expand 

Get SALT Encoding   

  12  0:00  SCV  
  13  0:12  SCV  
  14  0:17  Supply Depot  
  14  0:24  SCV  
  15  0:39  SCV  
  15  0:40  Barracks  
  16  0:45  Refinery  
  16  0:51  SCV  
  17  1:03  SCV  
  18  1:15  SCV  
  19  1:28  Orbital Command, Reaper  
  20  1:49  Command Center  
  21  1:54  SCV  
  21  1:59  Supply Depot  
  21  2:01  Marine  
  22  2:06  SCV  
  23  2:12  Factory  
  23  2:20  Marine  
  23  2:21  SCV  
  25  2:26  Refinery  
  25  2:33  Bunker, SCV  
  26  2:39  Barracks Reactor  
  26  2:45  SCV  
  27  2:57  SCV  
  27  3:01  Hellion  
  27  3:04  Starport  
  28  3:09  Orbital Command  
  27  3:13  SCV  
  28  3:25  SCV  
  31  3:27  Hellion, Marine  
  31  3:28  Marine  
  33  3:36  SCV  
  33  3:38  SCV  
  35  3:41  Medivac  
  35  3:46  Marine x2  
  35  3:48  SCV  
  40  3:49  Hellion  
  40  3:52  SCV  
  43  3:58  Supply Depot  
  43  4:00  SCV  
  44  4:04  SCV  
  45  4:12  SCV  
  45  4:15  Factory Tech Lab  
  46  4:19  SCV, Marine x2  
  46  4:20  Viking  
  46  4:23  Supply Depot  
  51  4:24  SCV  
  52  4:32  SCV  
  52  4:36  SCV  
  52  4:37  Supply Depot  
  54  4:44  Siege Tank, SCV, Marine x2  
  59  4:48  SCV  
  59  4:55  Viking  
  59  4:57  SCV  
  57  5:00  SCV  
  57  5:06  Marine  
  57  5:07  Command Center, Marine  
  54  5:09  SCV  
  54  5:12  Barracks, SCV  
  57  5:17  Siege Tank  
  57  5:20  Barracks  
  57  5:21  SCV  
  61  5:22  Supply Depot  
  61  5:25  SCV  
  61  5:27  Refinery  
  62  5:29  Marine x2  
  62  5:33  SCV  
  62  5:35  Viking  
  67  5:39  SCV  
  66  5:45  SCV  
  66  5:46  Marine  
  66  5:47  Marine  
  61  5:51  Siege Tank, SCV  
  59  5:57  SCV  
  59  6:03  SCV  
  53  6:04  Marine  
  53  6:09  SCV, Viking  
  53  6:10  Marine x2  
  58  6:11  Marine  
  58  6:15  SCV  
  60  6:19  Supply Depot  
  60  6:20  Orbital Command  
  60  6:22  Marine  
  60  6:24  SCV  
  60  6:28  SCV  
  61  6:33  Marine x2  
  61  6:36  SCV  
  65  6:40  SCV  
  65  6:46  Starport Tech Lab  
  65  6:48  SCV x2  
  65  6:49  Engineering Bay, Marine  
  65  6:50  Refinery  
  65  6:51  Factory Tech Lab, Marine  
  65  6:52  SCV  
  65  6:53  Stimpack  
  65  6:54  Marauder  
  64  7:00  Refinery, SCV  
  65  7:07  Barracks x2  
  65  7:12  SCV x2, Marine x2  
  65  7:13  Marauder  
  65  7:14  Combat Shield  
  68  7:17  Starport Reactor, SCV  
  68  7:21  Terran Infantry Weapons Level 1  
  69  7:24  Marauder, SCV  
  69  7:28  SCV  
  69  7:29  SCV  
  74  7:30  Marine x2  
  76  7:41  Missile Turret  
  76  7:42  Missile Turret  
  76  7:43  Marauder  
  77  7:46  SCV  
  77  7:48  SCV, Marine x2  
  79  7:59  Marine x3  
  79  8:03  Marine  
  83  8:06  Marine x2  
  83  8:07  Orbital Command, SCV x2  
  81  8:13  Siege Tank  
  81  8:16  Marine  
  81  8:18  Missile Turret  
  81  8:19  SCV  
  85  8:21  Missile Turret  
  85  8:25  SCV  
  85  8:26  Marine x2  
  87  8:27  Marine  
  87  8:29  Marine x2  
  87  8:32  SCV  
  90  8:34  Marine  
  91  8:42  Supply Depot  
  91  8:44  Marine  
  91  8:45  Siege Tank  
  91  8:47  SCV x2  
  97  8:53  Medivac  
  97  8:54  SCV  
  100  9:00  Marine  
  100  9:04  Marauder  
  100  9:05  Marine x2  
  100  9:07  Medivac  
  105  9:10  Marine x2  
  105  9:15  Orbital Command  
  106  9:20  Supply Depot, Marine  
  106  9:23  Supply Depot, Marine  
  108  9:25  Marine  
  109  9:36  Marine x3  
Show
View Real Time Build Order
Export as new Build Order

Zest Protoss - Winner!

Build Orders: 1 Gate Expand, Colossus Rush 

Get SALT Encoding   

  12  0:00  Probe  
  13  0:12  Probe  
  14  0:17  Pylon  
  14  0:24  Probe (Chrono Boost)  
  15  0:37  Probe (Chrono Boost)  
  15  0:39  Gateway  
  16  0:44  Probe (Chrono Boost)  
  16  0:47  Assimilator  
  17  0:51  Probe  
  18  1:03  Probe  
  19  1:15  Probe  
  20  1:25  Cybernetics Core  
  20  1:35  Nexus  
  20  1:38  Probe  
  21  1:45  Pylon  
  21  1:50  Probe  
  21  1:53  Assimilator  
  22  2:01  Adept (Chrono Boost)  
  22  2:03  Probe (Chrono Boost)  
  22  2:05  Warp Gate  
  25  2:14  Probe (Chrono Boost)  
  26  2:19  Probe (Chrono Boost)  
  27  2:23  Adept  
  29  2:30  Robotics Facility  
  29  2:31  Probe  
  31  2:47  Probe (Chrono Boost)  
  31  2:48  Probe (Chrono Boost)  
  32  2:52  Gateway  
  32  2:55  Sentry  
  32  2:58  Probe (Chrono Boost)  
  35  2:59  Probe (Chrono Boost)  
  36  3:07  Probe  
  36  3:08  Probe  
  36  3:17  Robotics Bay  
  36  3:19  Probe  
  37  3:20  Pylon, Probe  
  38  3:30  Warp Prism  
  38  3:31  Probe (Chrono Boost)  
  42  3:37  Probe (Chrono Boost)  
  42  3:42  Gateway  
  42  3:46  Probe (Chrono Boost)  
  44  3:49  Probe (Chrono Boost)  
  44  3:51  Probe (Chrono Boost)  
  44  3:55  Assimilator  
  45  3:57  Pylon  
  45  3:58  Probe  
  45  4:02  Probe  
  47  4:08  Stalker x2  
  51  4:10  Probe  
  51  4:12  Colossus (Chrono Boost)  
  58  4:22  Probe x2  
  60  4:28  Gravitic Drive (Chrono Boost)  
  60  4:29  Pylon  
  60  4:30  Assimilator  
  60  4:35  Pylon  
  60  4:46  Stalker  
  60  4:49  Stalker  
  60  4:50  Stalker  
  55  5:00  Probe  
  55  5:01  Probe  
  56  5:08  Probe  
  57  5:17  Stalker x3  
  57  5:18  Probe (Chrono Boost)  
  57  5:19  Probe (Chrono Boost)  
  65  5:24  Twilight Council  
  65  5:26  Observer  
  67  5:31  Probe (Chrono Boost)  
  67  5:33  Probe (Chrono Boost)  
  68  6:01  Probe  
  65  6:04  Probe  
  65  6:06  Dark Shrine  
  65  6:08  Gateway  
  65  6:11  Gateway  
  66  6:13  Probe  
  66  6:16  Probe  
  64  6:25  Probe, Nexus  
  64  6:31  Pylon, Probe  
  64  6:32  Shield Battery  
  66  6:35  Observer, Forge  
  66  6:37  Probe  
  68  6:43  Stalker x3, Probe  
  75  6:53  Probe  
  76  6:55  Protoss Ground Weapons Level 1 (Chrono Boost), Probe, Observer  
  76  6:56  Charge (Chrono Boost)  
  77  7:05  Pylon, Probe  
  77  7:07  Probe  
  79  7:18  Probe  
  79  7:19  Probe  
  79  7:22  Dark Templar x2  
  85  7:28  Dark Templar x3  
  91  7:30  Probe  
  91  7:31  Probe  
  91  7:36  Gateway  
  93  7:40  Probe  
  93  7:42  Probe  
  93  7:43  Probe  
  92  7:53  Probe  
  92  7:54  Probe  
  92  7:56  Immortal (Chrono Boost)  
  92  7:58  Observer  
  98  8:06  Zealot x2, Probe  
  98  8:07  Zealot x3  
  107  8:16  Gateway  
  107  8:18  Gateway  
  105  8:27  Immortal (Chrono Boost)  
  109  8:37  Pylon  
  109  8:40  Assimilator  
  109  8:45  Assimilator  
  109  8:50  Nexus  
  109  8:51  Pylon  
  109  8:55  Pylon  
  109  8:58  Warp Prism (Chrono Boost)  
  109  9:02  Sentry x2, Dark Templar x2  
  117  9:13  Archon  
  117  9:14  Zealot x4  
  125  9:26  Dark Templar x2  
  127  9:33  Shield Battery  
  121  9:38  Zealot x6  
Tags
 
Add a new tag
Caveats
  • Supply blocks, unpowered buildings, or Contaminate may cause inaccurate times.
  • Supply counts are checked every 10 seconds.